Punishers vs Demolitions
(R3)
Created - November 4, 2018 at 19:15
Goals
|
| Punishers |
2 |
2 |
2 |
6 |
| Demolitions |
1 |
2 |
4 |
7 |
|
Shots
|
| Punishers |
10 |
11 |
15 |
36 |
| Demolitions |
10 |
18 |
8 |
36 |
|
1st period
1. Punishers , Colton Gillies 2 (Mark Jankowski 4, Adam Pelech 3) at 2:13
2. Punishers , Zack Hamill 10 (Mark Jankowski 5) at 10:54
3. Demolitions , Andrej Nestrasil 5 (Billy Sweat 3) at 12:51
Penalties :
Garnet Hathaway (Vic) for Hooking (Minor) at 7:06, Robert Bortuzzo (Vic) for Kneeing (Minor) at 13:59, Patrick Wiercioch (Pro) for High sticking (Minor) at 16:29
2nd period
4. Demolitions , Justin Falk 3 (Cameron Schilling 3, Karri Ramo) at 7:19
5. Punishers , Damon Severson 1 (Zack Hamill 13, Kristers Gudlevskis) at 12:27 (PP)
6. Demolitions , Billy Sweat 1 (Joel Vermin 1, Justin Falk 8) at 18:59
7. Punishers , Mattias Tedenby 10 (Stefan Elliott 5) at 19:44 (PP)
Penalties :
Dmitri Orlov (Vic) for Hooking (Minor) at 12:11, Robert Bortuzzo (Vic) for Tripping (Minor) at 16:10, Spencer Machacek (Vic) for Slashing (Minor) at 16:47, Spencer Machacek (Vic) for Hooking (Minor) at 19:08
3rd period
8. Punishers , Robbie Earl 5 (Dylan DeMelo 2) at 3:11
9. Demolitions , Justin Falk 4 (Dmitri Orlov 3) at 5:35
10. Demolitions , Brandon McMillan 1 (Aaron Palushaj 1, Nick Shore 3) at 8:46
11. Demolitions , Garnet Hathaway 5 (Erik Cole 4, Corban Knight 3) at 9:44
12. Punishers , Colton Gillies 3 (Miikka Salomaki 3) at 12:15
13. Demolitions , Phil McRae 1 (Cameron Schilling 4) at 16:17
Penalties :
Karri Ramo (Vic) for Slashing (Minor) at 0:31 - Lane MacDermid served the penalty, Justin Falk (Vic) for Hooking (Minor) at 3:30, Robbie Earl (Pro) for Interference (Minor) at 5:49, Corban Knight (Vic) for Hooking (Minor) at 12:39, Robert Bortuzzo (Vic) for Interference (Minor) at 17:32
Goalie Stats
Kristers Gudlevskis (Pro), 29 saves from 36 shots - (0.806), L, 2-3-0, 60:00 minutes
Connor Hellebyuk (Vic), 11 saves from 12 shots - (0.917), W, 2-1-1, 16:49 minutes
Karri Ramo (Vic), 19 saves from 24 shots - (0.792), 43:11 minutes
Players Stats for Punishers
Player Name G A P +/- PIM S H SB GA TA FO MP PP MP PK MP
------------------------------------------------------------------------------------
Adam Pelech 0 1 1 1 0 0 0 2 0 1 0/0 23:33 6:26 1:15
Carter Ashton 0 0 0 0 0 0 0 0 1 0 0/0 6:56 0:24 0:28
Colton Gillies 2 0 2 0 0 3 1 1 0 1 0/0 8:06 0:00 0:28
Damon Severson 1 0 1 -5 0 1 0 0 1 0 0/0 22:03 8:56 0:00
David Laliberté 0 0 0 -4 0 3 1 1 1 0 0/0 19:04 8:13 0:00
Dylan DeMelo 0 1 1 1 0 1 0 0 0 0 0/0 10:31 0:00 0:00
Garret Ross 0 0 0 -1 0 0 0 0 0 0 0/0 8:03 0:24 1:09
Jordan Schmaltz 0 0 0 -3 0 1 2 3 0 0 0/0 19:56 6:26 1:15
Madison Bowey 0 0 0 1 0 0 0 2 0 0 0/0 11:07 0:00 2:43
Mark Jankowski 0 2 2 -1 0 0 1 1 0 0 1/8 9:45 0:00 1:31
Mattias Tedenby 1 0 1 1 0 4 2 0 1 0 0/1 22:11 6:45 0:00
Miikka Salomaki 0 1 1 0 0 0 1 0 0 1 0/0 9:05 0:24 0:00
Oscar Sundqvist 0 0 0 -3 0 4 2 0 0 0 6/13 19:41 6:45 1:52
Patrick Wiercioch 0 0 0 0 2 0 1 0 0 0 0/0 3:29 0:00 0:00
Radek Faksa 0 0 0 0 0 1 0 0 0 0 2/2 6:14 0:00 0:55
Robbie Earl 1 0 1 1 2 3 1 0 0 1 4/5 24:40 8:13 1:00
Stefan Elliott 0 1 1 -1 0 6 5 1 1 1 0/0 29:33 8:56 2:43
Tyler Bertuzzi 0 0 0 -3 0 0 1 0 0 0 0/0 18:32 6:45 0:33
Zack Hamill 1 1 2 1 0 9 0 1 0 0 23/47 23:31 8:13 0:00
Players Stats for Demolitions
Player Name G A P +/- PIM S H SB GA TA FO MP PP MP PK MP
------------------------------------------------------------------------------------
Aaron Palushaj 0 1 1 1 0 1 0 0 0 0 0/0 5:30 0:00 0:00
Alex Hutchings 0 0 0 0 0 1 0 0 0 0 0/0 3:37 0:13 2:17
Andrej Nestrasil 1 0 1 2 0 1 0 0 0 0 6/9 8:16 0:00 0:00
Billy Sweat 1 1 2 2 0 1 0 0 0 0 0/0 8:16 0:00 0:00
Brandon McMillan 1 0 1 1 0 4 2 1 0 0 0/0 5:30 0:00 0:00
Cameron Schilling 0 2 2 2 0 2 5 3 2 1 0/0 29:14 2:32 9:50
Colton Sceviour 0 0 0 0 0 0 0 0 0 0 0/0 0:35 0:13 0:00
Corban Knight 0 1 1 -1 2 2 6 2 0 0 19/33 17:02 1:59 0:31
Derek Forbort 0 0 0 -1 0 0 1 1 0 0 0/0 12:45 0:00 3:04
Dmitri Orlov 0 1 1 1 2 3 1 0 0 0 0/0 19:04 1:26 5:32
Erik Cole 0 1 1 -1 0 4 0 2 0 0 7/15 25:10 1:59 8:34
Garnet Hathaway 1 0 1 -1 2 4 3 2 1 0 2/3 24:21 1:59 7:25
JC Lipon 0 0 0 0 0 0 1 0 0 1 0/0 4:02 0:13 2:57
Joel Vermin 0 1 1 2 0 0 0 0 0 1 0/0 8:16 0:00 0:00
Justin Falk 2 1 3 3 2 3 2 2 1 2 0/0 30:09 2:32 8:26
Lane MacDermid 0 0 0 1 0 1 4 0 0 0 0/1 17:16 1:46 3:43
Nick Pryor 0 0 0 1 0 0 0 0 0 0 0/0 2:58 0:00 0:38
Nick Shore 0 1 1 1 0 0 0 0 0 0 0/3 5:30 0:00 0:00
Phil McRae 1 0 1 1 0 3 1 1 0 0 5/11 12:51 1:46 0:00
Robert Bortuzzo 0 0 0 1 6 1 1 0 0 0 0/0 16:44 1:26 3:21
Ryan Olsen 0 0 0 0 0 0 0 0 0 0 0/0 0:00 0:00 0:00
Spencer Machacek 0 0 0 1 4 4 2 1 1 0 1/1 16:40 1:46 3:47
Taylor Aronson 0 0 0 -1 0 1 0 0 0 0 0/0 9:21 0:00 0:00
Thomas DiPauli 0 0 0 0 0 0 0 0 0 0 0/0 0:00 0:00 0:00
3 Stars
1 - Justin Falk (Vic)
2 - Cameron Schilling (Vic)
3 - Billy Sweat (Vic)
Power Play
Punishers - 2 on 10 Attempt(s) - 20.00%
Demolitions - 0 on 2 Attempt(s) - 0.00%
Penalty Kill
Punishers - 2 on 2 Attempt(s) - 100.00%
- Score 0 goal in Penalty Kill
Demolitions - 8 on 10 Attempt(s) - 80.00%
- Score 0 goal in Penalty Kill
Team Stat
Punishers - Hits : 18 - Faceoff Wins : 36 - Blocked Shots : 12 - Penalty Minutes : 4
Demolitions - Hits : 29 - Faceoff Wins : 40 - Blocked Shots : 15 - Penalty Minutes : 20
Official
Referees : Unknown
Linesman : Unknown
Game Notes
Connor Hellebyuk enters game at 3:11 of 3rd period
Finance
Level 1 -- Attendance: 1501 (75.05%) -- Ticket Income $39,026
Level 2 -- Attendance: 775 (77.50%) -- Ticket Income $6,975
Total Attendance: 2276 (75.87%)
Total Ticket Income: $46,001
Other Income: $2,300
Total Income: $48,301
Punishers
5 vs 5 Forward
Center Left Wing Right Wing Time % Phy DF OF
1 Zack Hamill Robbie Earl Mattias Tedenby 40 0 2 3
2 Oscar Sundqvist Tyler Bertuzzi David Laliberté 30 0 2 3
3 Mark Jankowski Colton Gillies Miikka Salomaki 20 0 2 3
4 Radek Faksa Garret Ross Carter Ashton 10 0 2 3
5 vs 5 Defense
Defense Defense Time % Phy DF OF
1 Adam Pelech Stefan Elliott 40 0 3 2
2 Jordan Schmaltz Damon Severson 30 0 3 2
3 Dylan DeMelo Madison Bowey 20 0 3 2
4 Patrick Wiercioch Dylan DeMelo 10 0 3 2
PowerPlay Forward
Center Left Wing Right Wing Time % Phy DF OF
1 Zack Hamill Robbie Earl David Laliberté 60 0 1 4
2 Oscar Sundqvist Tyler Bertuzzi Mattias Tedenby 40 0 1 4
PowerPlay Defense
Defense Defense Time % Phy DF OF
1 Damon Severson Stefan Elliott 60 0 2 3
2 Jordan Schmaltz Adam Pelech 40 0 2 3
Penalty Kill 4 Players Forward
Center Wing Time % Phy DF OF
1 Oscar Sundqvist Robbie Earl 60 0 4 1
2 Colton Gillies Carter Ashton 40 0 4 1
Penalty Kill 4 Players Defense
Defense Defense Time % Phy DF OF
1 Madison Bowey Stefan Elliott 60 0 4 1
2 Adam Pelech Jordan Schmaltz 40 0 4 1
Penalty Kill - 3 Players Forward
Forward Time % Phy DF OF
1 Oscar Sundqvist 60 0 4 1
2 Robbie Earl 40 0 4 1
Penalty Kill - 3 Players Defense
Defense Defense Time % Phy DF OF
1 Madison Bowey Stefan Elliott 60 0 5 0
2 Adam Pelech Jordan Schmaltz 40 0 5 0
4 vs 4 Forward
Center Wing Time % Phy DF OF
1 Zack Hamill Robbie Earl 60 0 2 3
2 David Laliberté Mattias Tedenby 40 0 2 3
4 vs 4 Defense
Defense Defense Time % Phy DF OF
1 Adam Pelech Stefan Elliott 60 1 2 2
2 Jordan Schmaltz Damon Severson 40 1 2 2
Last Minutes Offensive
Center Left Wing Right Wing Defense Defense
Zack Hamill Robbie Earl David Laliberté Damon Severson Stefan Elliott
Last Minutes Defensive
Center Left Wing Right Wing Defense Defense
Oscar Sundqvist Robbie Earl Carter Ashton Madison Bowey Stefan Elliott
Goaltenders
Starting : Kristers Gudlevskis
Backup : Louis Domingue
Extra Forwards
Normal : Miikka Salomaki, Garret Ross, Mark Jankowski - PP : Miikka Salomaki, Garret Ross - PK : Mark Jankowski
Extra Defensemen
Normal : Jordan Schmaltz, Madison Bowey, Patrick Wiercioch - PP : Jordan Schmaltz - PK : Madison Bowey, Patrick Wiercioch
Penalty Shots
Robbie Earl, Zack Hamill, David Laliberté, Mattias Tedenby, Colton Gillies
Scratches
Michael Joly (Healthy), Dan Bertram (Healthy), Trevor Van Riemsdyk (Healthy), Erik Nystrom (Healthy), Daniel Altshuller (Healthy)
Demolitions
5 vs 5 Forward
Center Left Wing Right Wing Time % Phy DF OF
1 Corban Knight Erik Cole Garnet Hathaway 40 1 2 2
2 Phil McRae Lane MacDermid Spencer Machacek 30 1 2 2
3 Andrej Nestrasil Billy Sweat Joel Vermin 20 1 2 2
4 Nick Shore Brandon McMillan Aaron Palushaj 10 1 2 2
5 vs 5 Defense
Defense Defense Time % Phy DF OF
1 Justin Falk Cameron Schilling 40 1 2 2
2 Dmitri Orlov Robert Bortuzzo 30 1 2 2
3 Taylor Aronson Derek Forbort 20 1 2 2
4 Nick Pryor Justin Falk 10 1 2 2
PowerPlay Forward
Center Left Wing Right Wing Time % Phy DF OF
1 Corban Knight Erik Cole Garnet Hathaway 60 1 2 2
2 Phil McRae Lane MacDermid Spencer Machacek 40 1 2 2
PowerPlay Defense
Defense Defense Time % Phy DF OF
1 Justin Falk Cameron Schilling 60 1 2 2
2 Dmitri Orlov Robert Bortuzzo 40 1 2 2
Penalty Kill 4 Players Forward
Center Wing Time % Phy DF OF
1 Erik Cole Garnet Hathaway 60 1 2 2
2 Spencer Machacek Lane MacDermid 40 1 2 2
Penalty Kill 4 Players Defense
Defense Defense Time % Phy DF OF
1 Justin Falk Cameron Schilling 60 1 2 2
2 Dmitri Orlov Robert Bortuzzo 40 1 2 2
Penalty Kill - 3 Players Forward
Forward Time % Phy DF OF
1 Erik Cole 60 1 2 2
2 Garnet Hathaway 40 1 2 2
Penalty Kill - 3 Players Defense
Defense Defense Time % Phy DF OF
1 Justin Falk Cameron Schilling 60 1 2 2
2 Dmitri Orlov Robert Bortuzzo 40 1 2 2
4 vs 4 Forward
Center Wing Time % Phy DF OF
1 Erik Cole Garnet Hathaway 60 1 2 2
2 Spencer Machacek Lane MacDermid 40 1 2 2
4 vs 4 Defense
Defense Defense Time % Phy DF OF
1 Justin Falk Cameron Schilling 60 1 2 2
2 Dmitri Orlov Robert Bortuzzo 40 1 2 2
Last Minutes Offensive
Center Left Wing Right Wing Defense Defense
Corban Knight Erik Cole Garnet Hathaway Justin Falk Cameron Schilling
Last Minutes Defensive
Center Left Wing Right Wing Defense Defense
Corban Knight Erik Cole Garnet Hathaway Justin Falk Cameron Schilling
Goaltenders
Starting : Karri Ramo
Backup : Connor Hellebyuk
Extra Forwards
Normal : Alex Hutchings, Colton Sceviour, JC Lipon - PP : Alex Hutchings, Colton Sceviour - PK : JC Lipon
Extra Defensemen
Normal : Taylor Aronson, Derek Forbort, Nick Pryor - PP : Taylor Aronson - PK : Derek Forbort, Nick Pryor
Penalty Shots
Erik Cole, Garnet Hathaway, Spencer Machacek, Lane MacDermid, Corban Knight
Scratches
Taylor Leier (Healthy), Jake Paterson (Healthy)
% Time on Ice - Punishers
Lines # - Real PCT - Wanted PCT - Time Play
Normal Forward
1 - 40% - 40% - 16:26
2 - 28% - 30% - 11:17
3 - 19% - 20% - 7:38
4 - 13% - 10% - 5:19
Normal Defense
1 - 44% - 40% - 17:54
2 - 30% - 30% - 12:15
3 - 18% - 20% - 7:14
4 - 8% - 10% - 3:17
PP Forward
1 - 56% - 60% - 8:37
2 - 44% - 40% - 6:45
PP Defense
1 - 58% - 60% - 8:56
2 - 42% - 40% - 6:26
PK Forward
1 - 88% - 60% - 3:30
2 - 12% - 40% - 0:28
PK Defense
1 - 68% - 60% - 2:43
2 - 32% - 40% - 1:15
PK3 Forward
1 - 0% - 60%
2 - 0% - 40%
PK3 Defense
1 - 0% - 60%
2 - 0% - 40%
44 Forward
1 - 0% - 60%
2 - 0% - 40%
44 Defense
1 - 0% - 60%
2 - 0% - 40%
Last Minute Offensive - 0:00
Last Minute Defensive - 0:00
Total
Forward - 60:00
Defense - 60:00
|
% Time on Ice - Demolitions
Lines # - Real PCT - Wanted PCT - Time Play
Normal Forward
1 - 39% - 40% - 15:49
2 - 27% - 30% - 11:05
3 - 20% - 20% - 8:16
4 - 14% - 10% - 5:30
Normal Defense
1 - 41% - 40% - 16:52
2 - 30% - 30% - 12:07
3 - 23% - 20% - 9:21
4 - 6% - 10% - 2:20
PP Forward
1 - 55% - 60% - 2:12
2 - 45% - 40% - 1:46
PP Defense
1 - 64% - 60% - 2:32
2 - 36% - 40% - 1:26
PK Forward
1 - 71% - 60% - 9:55
2 - 29% - 40% - 4:05
PK Defense
1 - 65% - 60% - 9:08
2 - 35% - 40% - 4:52
PK3 Forward
1 - 76% - 60% - 1:02
2 - 24% - 40% - 0:20
PK3 Defense
1 - 51% - 60% - 0:42
2 - 49% - 40% - 0:40
44 Forward
1 - 0% - 60%
2 - 0% - 40%
44 Defense
1 - 0% - 60%
2 - 0% - 40%
Last Minute Offensive - 0:00
Last Minute Defensive - 0:00
Total
Forward - 60:00
Defense - 60:00
|
Play by Play
1st period
0:01 of 1st period - Robbie Earl wins face-off versus Corban Knight in neutral zone.
0:14 of 1st period - Snap shot by Zack Hamill.
0:14 of 1st period - Stopped by Karri Ramo without a rebound.
0:15 of 1st period - Oscar Sundqvist wins face-off versus Phil McRae in Demolitions zone.
0:20 of 1st period - Wrist shot by Oscar Sundqvist.
0:20 of 1st period - Shot Blocked by Phil McRae.
0:26 of 1st period - Snap shot by Spencer Machacek.
0:26 of 1st period - Shot Misses the Net.
0:28 of 1st period - Slapshot by Robert Bortuzzo.
0:28 of 1st period - Shot Misses the Net.
0:30 of 1st period - Slapshot by Dmitri Orlov.
0:30 of 1st period - Stopped by Kristers Gudlevskis with a rebound.
0:42 of 1st period - Dmitri Orlov is hit by Miikka Salomaki and loses puck.
0:51 of 1st period - Wrist shot by Colton Gillies.
0:51 of 1st period - Shot Misses the Net.
1:35 of 1st period - Wrist shot by Radek Faksa.
1:35 of 1st period - Shot Blocked by Brandon McMillan.
1:51 of 1st period - Slapshot by Stefan Elliott.
1:51 of 1st period - Shot Blocked by Spencer Machacek.
2:13 of 1st period - Snap shot by Colton Gillies.
2:13 of 1st period - Goal by Colton Gillies - Punishers : 1 - Demolitions : 0.
2:14 of 1st period - Corban Knight wins face-off versus Zack Hamill in neutral zone.
2:39 of 1st period - Phil McRae is hit by Patrick Wiercioch and loses puck.
3:07 of 1st period - Wrist shot by Colton Gillies.
3:07 of 1st period - Shot Misses the Net.
3:13 of 1st period - Mark Jankowski is hit by Derek Forbort and loses puck.
3:34 of 1st period - Snap shot by Andrej Nestrasil.
3:34 of 1st period - Shot Misses the Net.
3:48 of 1st period - Off-side.
3:49 of 1st period - Phil McRae wins face-off versus Zack Hamill in neutral zone.
4:00 of 1st period - Snap shot by Lane MacDermid.
4:00 of 1st period - Shot Misses the Net.
4:02 of 1st period - Wrist shot by Spencer Machacek.
4:02 of 1st period - Stopped by Kristers Gudlevskis without a rebound.
4:03 of 1st period - Zack Hamill wins face-off versus Corban Knight in Punishers zone.
4:03 of 1st period - Zack Hamill is hit by Corban Knight.
4:15 of 1st period - Jordan Schmaltz is hit by Garnet Hathaway and loses puck.
4:34 of 1st period - Snap shot by Billy Sweat.
4:34 of 1st period - Shot Misses the Net.
4:38 of 1st period - Wrist shot by Lane MacDermid.
4:38 of 1st period - Stopped by Kristers Gudlevskis with a rebound.
4:40 of 1st period - Snap shot by Spencer Machacek.
4:40 of 1st period - Stopped by Kristers Gudlevskis without a rebound.
4:41 of 1st period - Phil McRae wins face-off versus Oscar Sundqvist in Punishers zone.
4:49 of 1st period - Icing by Stefan Elliott.
4:50 of 1st period - Garnet Hathaway wins face-off versus Oscar Sundqvist in Punishers zone.
4:53 of 1st period - Wrist shot by Garnet Hathaway.
4:53 of 1st period - Shot Misses the Net.
4:58 of 1st period - Icing by David Laliberté.
4:59 of 1st period - Corban Knight wins face-off versus Oscar Sundqvist in Punishers zone.
5:14 of 1st period - Snap shot by Garnet Hathaway.
5:14 of 1st period - Stopped by Kristers Gudlevskis with a rebound.
5:40 of 1st period - Snap shot by Oscar Sundqvist.
5:40 of 1st period - Shot Misses the Net.
5:42 of 1st period - Wrist shot by Oscar Sundqvist.
5:42 of 1st period - Stopped by Karri Ramo without a rebound.
5:43 of 1st period - Zack Hamill wins face-off versus Andrej Nestrasil in Demolitions zone.
6:10 of 1st period - Colton Gillies is hit by Lane MacDermid and loses puck.
6:17 of 1st period - Lane MacDermid is hit by Colton Gillies and loses puck.
7:06 of 1st period - Minor Penalty to Garnet Hathaway for Hooking.
7:07 of 1st period - Erik Cole wins face-off versus Zack Hamill in Demolitions zone.
7:15 of 1st period - Snap shot by Robbie Earl.
7:15 of 1st period - Shot Blocked by Erik Cole.
7:42 of 1st period - Slapshot by Stefan Elliott.
7:42 of 1st period - Stopped by Karri Ramo with a rebound.
9:06 of 1st period - Penalty to Garnet Hathaway is over, Garnet Hathaway is back on ice.
9:06 of 1st period - Cameron Schilling is hit by Stefan Elliott and loses puck.
9:17 of 1st period - Erik Cole is hit by Stefan Elliott.
9:43 of 1st period - Wrist shot by Andrej Nestrasil.
9:43 of 1st period - Deflect By Robbie Earl.
9:43 of 1st period - Shot Blocked by Zack Hamill.
9:43 of 1st period - Puck is out of play.
9:44 of 1st period - Zack Hamill wins face-off versus Nick Shore in Punishers zone.
9:44 of 1st period - Robbie Earl is hit by Brandon McMillan and loses puck.
10:54 of 1st period - Wrist shot by Zack Hamill.
10:54 of 1st period - Goal by Zack Hamill - Punishers : 2 - Demolitions : 0.
10:55 of 1st period - Corban Knight wins face-off versus Zack Hamill in neutral zone.
11:00 of 1st period - Wrist shot by Erik Cole.
11:00 of 1st period - Stopped by Kristers Gudlevskis with a rebound.
11:22 of 1st period - David Laliberté is hit by Phil McRae and loses puck.
11:45 of 1st period - Wrist shot by Billy Sweat.
11:45 of 1st period - Shot Misses the Net.
11:47 of 1st period - Slapshot by Andrej Nestrasil.
11:47 of 1st period - Shot Misses the Net.
11:49 of 1st period - Slapshot by Dmitri Orlov.
11:49 of 1st period - Stopped by Kristers Gudlevskis without a rebound.
11:50 of 1st period - Zack Hamill wins face-off versus Garnet Hathaway in Punishers zone.
11:50 of 1st period - Zack Hamill is hit by Corban Knight.
11:58 of 1st period - Snap shot by Zack Hamill.
11:58 of 1st period - Shot Misses the Net.
12:00 of 1st period - Snap shot by Zack Hamill.
12:00 of 1st period - Stopped by Karri Ramo without a rebound.
12:01 of 1st period - Robbie Earl wins face-off versus Corban Knight in Demolitions zone.
12:02 of 1st period - Wrist shot by Zack Hamill.
12:02 of 1st period - Stopped by Karri Ramo with a rebound.
12:04 of 1st period - Slapshot by Stefan Elliott.
12:04 of 1st period - Shot Blocked by Cameron Schilling.
12:28 of 1st period - Stefan Elliott is hit by Lane MacDermid and loses puck.
12:37 of 1st period - Snap shot by Oscar Sundqvist.
12:37 of 1st period - Stopped by Karri Ramo without a rebound.
12:38 of 1st period - Andrej Nestrasil wins face-off versus Zack Hamill in Demolitions zone.
12:51 of 1st period - Snap shot by Andrej Nestrasil.
12:51 of 1st period - Goal by Andrej Nestrasil - Punishers : 2 - Demolitions : 1.
12:52 of 1st period - Zack Hamill wins face-off versus Corban Knight in neutral zone.
13:07 of 1st period - Wrist shot by Mattias Tedenby.
13:07 of 1st period - Shot Misses the Net.
13:59 of 1st period - Minor Penalty to Robert Bortuzzo for Kneeing.
14:00 of 1st period - Zack Hamill wins face-off versus Erik Cole in Demolitions zone.
14:05 of 1st period - Snap shot by Robbie Earl.
14:05 of 1st period - Stopped by Karri Ramo without a rebound.
14:06 of 1st period - Erik Cole wins face-off versus Zack Hamill in Demolitions zone.
14:39 of 1st period - Wrist shot by Spencer Machacek.
14:39 of 1st period - Stopped by Kristers Gudlevskis with a rebound.
14:41 of 1st period - Slapshot by Lane MacDermid.
14:41 of 1st period - Deflect By Spencer Machacek.
14:41 of 1st period - Shot Misses the Net.
14:41 of 1st period - Puck is out of play.
14:42 of 1st period - Garnet Hathaway wins face-off versus Zack Hamill in Punishers zone.
14:43 of 1st period - Wrist shot by Erik Cole.
14:43 of 1st period - Shot Misses the Net.
14:45 of 1st period - Slapshot by Dmitri Orlov.
14:45 of 1st period - Shot Blocked by Stefan Elliott.
15:30 of 1st period - David Laliberté is hit by Garnet Hathaway and loses puck.
15:45 of 1st period - Slapshot by Cameron Schilling.
15:45 of 1st period - Shot Blocked by David Laliberté.
15:59 of 1st period - Penalty to Robert Bortuzzo is over, Robert Bortuzzo is back on ice.
16:29 of 1st period - Minor Penalty to Patrick Wiercioch for High sticking.
16:30 of 1st period - Corban Knight wins face-off versus Oscar Sundqvist in Punishers zone.
17:54 of 1st period - Spencer Machacek is hit by Oscar Sundqvist.
18:24 of 1st period - Madison Bowey is hit by Cameron Schilling and loses puck.
18:29 of 1st period - Penalty to Patrick Wiercioch is over, Patrick Wiercioch is back on ice.
18:35 of 1st period - Backhand shot by Cameron Schilling.
18:35 of 1st period - Shot Misses the Net.
18:37 of 1st period - Snap shot by Alex Hutchings.
18:37 of 1st period - Stopped by Kristers Gudlevskis with a rebound.
19:07 of 1st period - David Laliberté is hit by Brandon McMillan and loses puck.
19:28 of 1st period - Wrist shot by Zack Hamill.
19:28 of 1st period - Stopped by Karri Ramo without a rebound.
19:29 of 1st period - Zack Hamill wins face-off versus Andrej Nestrasil in Demolitions zone.
19:53 of 1st period - Colton Gillies is hit by Corban Knight and loses puck.
Goals for this period are 2 for Punishers vs 1 for Demolitions.
Shots for this period are 10 for Punishers vs 10 for Demolitions.
2nd period
0:01 of 2nd period - Zack Hamill wins face-off versus Corban Knight in neutral zone.
0:12 of 2nd period - Slapshot by Damon Severson.
0:12 of 2nd period - Deflect By Zack Hamill.
0:12 of 2nd period - Stopped by Karri Ramo without a rebound.
0:13 of 2nd period - Zack Hamill wins face-off versus Corban Knight in Demolitions zone.
0:14 of 2nd period - Snap shot by Robbie Earl.
0:14 of 2nd period - Deflect By Mattias Tedenby.
0:14 of 2nd period - Stopped by Karri Ramo without a rebound.
0:15 of 2nd period - Corban Knight wins face-off versus Zack Hamill in Demolitions zone.
0:48 of 2nd period - Wrist shot by Phil McRae.
0:48 of 2nd period - Stopped by Kristers Gudlevskis without a rebound.
0:49 of 2nd period - Oscar Sundqvist wins face-off versus Phil McRae in Punishers zone.
1:00 of 2nd period - Snap shot by Phil McRae.
1:00 of 2nd period - Stopped by Kristers Gudlevskis without a rebound.
1:01 of 2nd period - Zack Hamill wins face-off versus Erik Cole in Punishers zone.
1:32 of 2nd period - Off-side.
1:33 of 2nd period - Oscar Sundqvist wins face-off versus Phil McRae in neutral zone.
1:55 of 2nd period - Icing by Phil McRae.
1:56 of 2nd period - Phil McRae wins face-off versus Mattias Tedenby in Demolitions zone.
2:01 of 2nd period - Stefan Elliott is hit by Dmitri Orlov.
3:33 of 2nd period - Snap shot by Zack Hamill.
3:33 of 2nd period - Shot Blocked by Corban Knight.
3:35 of 2nd period - Wrist shot by Dylan DeMelo.
3:35 of 2nd period - Stopped by Karri Ramo without a rebound.
3:36 of 2nd period - Zack Hamill wins face-off versus Corban Knight in Demolitions zone.
3:39 of 2nd period - Wrist shot by Zack Hamill.
3:39 of 2nd period - Stopped by Karri Ramo without a rebound.
3:40 of 2nd period - Corban Knight wins face-off versus Zack Hamill in Demolitions zone.
3:46 of 2nd period - Slapshot by Zack Hamill.
3:46 of 2nd period - Deflect By Mattias Tedenby.
3:46 of 2nd period - Shot Misses the Net.
3:46 of 2nd period - Puck is out of play.
3:47 of 2nd period - Corban Knight wins face-off versus Robbie Earl in Demolitions zone.
4:04 of 2nd period - Snap shot by Zack Hamill.
4:04 of 2nd period - Shot Misses the Net.
4:16 of 2nd period - Wrist shot by Zack Hamill.
4:16 of 2nd period - Shot Misses the Net.
4:28 of 2nd period - Slapshot by Erik Cole.
4:28 of 2nd period - Stopped by Kristers Gudlevskis without a rebound.
4:29 of 2nd period - Oscar Sundqvist wins face-off versus Lane MacDermid in Punishers zone.
4:29 of 2nd period - Oscar Sundqvist is hit by Spencer Machacek.
4:35 of 2nd period - Wrist shot by Spencer Machacek.
4:35 of 2nd period - Stopped by Kristers Gudlevskis with a rebound.
4:37 of 2nd period - Slapshot by Cameron Schilling.
4:37 of 2nd period - Stopped by Kristers Gudlevskis without a rebound.
4:38 of 2nd period - Oscar Sundqvist wins face-off versus Phil McRae in Punishers zone.
4:38 of 2nd period - Oscar Sundqvist is hit by Justin Falk.
5:00 of 2nd period - Damon Severson is hit by Spencer Machacek.
5:06 of 2nd period - Snap shot by Lane MacDermid.
5:06 of 2nd period - Shot Misses the Net.
5:24 of 2nd period - Slapshot by Lane MacDermid.
5:24 of 2nd period - Shot Misses the Net.
5:26 of 2nd period - Slapshot by Justin Falk.
5:26 of 2nd period - Deflect By Phil McRae.
5:26 of 2nd period - Shot Misses the Net.
5:26 of 2nd period - Puck is out of play.
5:27 of 2nd period - Corban Knight wins face-off versus Zack Hamill in Punishers zone.
5:28 of 2nd period - Slapshot by Garnet Hathaway.
5:28 of 2nd period - Shot Misses the Net.
5:30 of 2nd period - Snap shot by Erik Cole.
5:30 of 2nd period - Stopped by Kristers Gudlevskis with a rebound.
5:32 of 2nd period - Snap shot by Garnet Hathaway.
5:32 of 2nd period - Deflect By Corban Knight.
5:32 of 2nd period - Stopped by Kristers Gudlevskis with a rebound.
5:34 of 2nd period - Slapshot by Taylor Aronson.
5:34 of 2nd period - Stopped by Kristers Gudlevskis with a rebound.
5:36 of 2nd period - Snap shot by Garnet Hathaway.
5:36 of 2nd period - Deflect By Corban Knight.
5:36 of 2nd period - Stopped by Kristers Gudlevskis with a rebound.
5:54 of 2nd period - Andrej Nestrasil is hit by Mark Jankowski and loses puck.
6:32 of 2nd period - Off-side.
6:33 of 2nd period - Corban Knight wins face-off versus Zack Hamill in neutral zone.
7:19 of 2nd period - Slapshot by Justin Falk.
7:19 of 2nd period - Goal by Justin Falk - Punishers : 2 - Demolitions : 2.
7:20 of 2nd period - Corban Knight wins face-off versus Zack Hamill in neutral zone.
7:23 of 2nd period - Stefan Elliott is hit by Corban Knight and loses puck.
8:05 of 2nd period - Slapshot by Justin Falk.
8:05 of 2nd period - Shot Blocked by Adam Pelech.
8:11 of 2nd period - Slapshot by Justin Falk.
8:11 of 2nd period - Deflect By Nick Shore.
8:11 of 2nd period - Shot Misses the Net.
8:11 of 2nd period - Puck is out of play.
8:12 of 2nd period - Zack Hamill wins face-off versus Nick Shore in Punishers zone.
8:25 of 2nd period - Wrist shot by Brandon McMillan.
8:25 of 2nd period - Stopped by Kristers Gudlevskis with a rebound.
8:33 of 2nd period - Wrist shot by Brandon McMillan.
8:33 of 2nd period - Stopped by Kristers Gudlevskis with a rebound.
8:35 of 2nd period - Slapshot by Justin Falk.
8:35 of 2nd period - Shot Blocked by Jordan Schmaltz.
8:37 of 2nd period - Slapshot by Brandon McMillan.
8:37 of 2nd period - Shot Blocked by Jordan Schmaltz.
8:39 of 2nd period - Slapshot by Robert Bortuzzo.
8:39 of 2nd period - Shot Misses the Net.
8:41 of 2nd period - Slapshot by Nick Shore.
8:41 of 2nd period - Shot Blocked by Jordan Schmaltz.
8:49 of 2nd period - Slapshot by Dmitri Orlov.
8:49 of 2nd period - Deflect By Robbie Earl.
8:49 of 2nd period - Stopped by Kristers Gudlevskis without a rebound.
8:50 of 2nd period - Corban Knight wins face-off versus Mark Jankowski in Punishers zone.
8:51 of 2nd period - Wrist shot by Garnet Hathaway.
8:51 of 2nd period - Shot Blocked by Colton Gillies.
9:01 of 2nd period - Slapshot by Stefan Elliott.
9:01 of 2nd period - Shot Misses the Net.
9:03 of 2nd period - Snap shot by Colton Gillies.
9:03 of 2nd period - Shot Blocked by Garnet Hathaway.
9:05 of 2nd period - Slapshot by Stefan Elliott.
9:05 of 2nd period - Stopped by Karri Ramo with a rebound.
9:15 of 2nd period - Justin Falk is hit by David Laliberté and loses puck.
9:53 of 2nd period - Madison Bowey is hit by Justin Falk and loses puck.
9:58 of 2nd period - Snap shot by Brandon McMillan.
9:58 of 2nd period - Stopped by Kristers Gudlevskis without a rebound.
9:59 of 2nd period - Corban Knight wins face-off versus Zack Hamill in Punishers zone.
10:20 of 2nd period - Erik Cole is hit by Mattias Tedenby and loses puck.
10:35 of 2nd period - Slapshot by Garnet Hathaway.
10:35 of 2nd period - Stopped by Kristers Gudlevskis without a rebound.
10:36 of 2nd period - Phil McRae wins face-off versus Mark Jankowski in Punishers zone.
10:47 of 2nd period - Slapshot by Spencer Machacek.
10:47 of 2nd period - Shot Misses the Net.
11:25 of 2nd period - Wrist shot by Nick Shore.
11:25 of 2nd period - Shot Misses the Net.
11:27 of 2nd period - Wrist shot by Aaron Palushaj.
11:27 of 2nd period - Stopped by Kristers Gudlevskis without a rebound.
11:28 of 2nd period - Radek Faksa wins face-off versus Corban Knight in Punishers zone.
11:28 of 2nd period - Radek Faksa is hit by Corban Knight.
11:31 of 2nd period - Stefan Elliott is hit by Cameron Schilling and loses puck.
11:54 of 2nd period - Cameron Schilling is hit by Stefan Elliott and loses puck.
12:03 of 2nd period - Wrist shot by Zack Hamill.
12:03 of 2nd period - Shot Misses the Net.
12:05 of 2nd period - Slapshot by Stefan Elliott.
12:05 of 2nd period - Stopped by Karri Ramo with a rebound.
12:11 of 2nd period - Minor Penalty to Dmitri Orlov for Hooking.
12:12 of 2nd period - Zack Hamill wins face-off versus Erik Cole in Demolitions zone.
12:13 of 2nd period - Snap shot by David Laliberté.
12:13 of 2nd period - Deflect By Garnet Hathaway.
12:13 of 2nd period - Shot Misses the Net.
12:13 of 2nd period - Puck is out of play.
12:14 of 2nd period - Erik Cole wins face-off versus Zack Hamill in Demolitions zone.
12:27 of 2nd period - Slapshot by Damon Severson.
12:27 of 2nd period - Deflect By Justin Falk.
12:27 of 2nd period - Goal by Damon Severson - Punishers : 3 - Demolitions : 2.
12:28 of 2nd period - Zack Hamill wins face-off versus Corban Knight in neutral zone.
13:16 of 2nd period - Slapshot by Robert Bortuzzo.
13:16 of 2nd period - Deflect By Miikka Salomaki.
13:16 of 2nd period - Stopped by Kristers Gudlevskis with a rebound.
13:34 of 2nd period - Taylor Aronson is hit by Stefan Elliott and loses puck.
13:41 of 2nd period - Wrist shot by Garret Ross.
13:41 of 2nd period - Shot Blocked by Derek Forbort.
14:26 of 2nd period - Lane MacDermid is hit by Oscar Sundqvist and loses puck.
15:03 of 2nd period - Billy Sweat is hit by Robbie Earl.
15:25 of 2nd period - Slapshot by Jordan Schmaltz.
15:25 of 2nd period - Stopped by Karri Ramo without a rebound.
15:26 of 2nd period - Radek Faksa wins face-off versus Corban Knight in Demolitions zone.
16:10 of 2nd period - Minor Penalty to Robert Bortuzzo for Tripping.
16:11 of 2nd period - Zack Hamill wins face-off versus Erik Cole in Demolitions zone.
16:18 of 2nd period - Slapshot by Zack Hamill.
16:18 of 2nd period - Shot Blocked by Garnet Hathaway.
16:47 of 2nd period - Minor Penalty to Spencer Machacek for Slashing.
16:48 of 2nd period - Zack Hamill wins face-off versus Erik Cole in Demolitions zone.
17:03 of 2nd period - Snap shot by David Laliberté.
17:03 of 2nd period - Stopped by Karri Ramo with a rebound.
17:20 of 2nd period - Snap shot by Tyler Bertuzzi.
17:20 of 2nd period - Shot Blocked by Erik Cole.
18:10 of 2nd period - Penalty to Robert Bortuzzo is over, Robert Bortuzzo is back on ice.
18:47 of 2nd period - Penalty to Spencer Machacek is over, Spencer Machacek is back on ice.
18:57 of 2nd period - Snap shot by Joel Vermin.
18:57 of 2nd period - Shot Misses the Net.
18:59 of 2nd period - Slapshot by Billy Sweat.
18:59 of 2nd period - Goal by Billy Sweat - Punishers : 3 - Demolitions : 3.
19:00 of 2nd period - Phil McRae wins face-off versus Mark Jankowski in neutral zone.
19:03 of 2nd period - Mark Jankowski is hit by Lane MacDermid.
19:08 of 2nd period - Minor Penalty to Spencer Machacek for Hooking.
19:09 of 2nd period - Erik Cole wins face-off versus Zack Hamill in Demolitions zone.
19:44 of 2nd period - Snap shot by Mattias Tedenby.
19:44 of 2nd period - Goal by Mattias Tedenby - Punishers : 4 - Demolitions : 3.
19:45 of 2nd period - Corban Knight wins face-off versus Zack Hamill in neutral zone.
19:58 of 2nd period - Wrist shot by Mattias Tedenby.
19:58 of 2nd period - Stopped by Karri Ramo with a rebound.
Goals for this period are 2 for Punishers vs 2 for Demolitions.
Shots for this period are 11 for Punishers vs 18 for Demolitions.
3rd period
0:01 of 3rd period - Zack Hamill wins face-off versus Corban Knight in neutral zone.
0:23 of 3rd period - Icing by Erik Cole.
0:24 of 3rd period - Corban Knight wins face-off versus Oscar Sundqvist in Demolitions zone.
0:31 of 3rd period - Snap shot by David Laliberté.
0:31 of 3rd period - Stopped by Karri Ramo without a rebound.
0:31 of 3rd period - Minor Penalty to Karri Ramo for Slashing.
0:32 of 3rd period - Erik Cole wins face-off versus Zack Hamill in Demolitions zone.
1:01 of 3rd period - Wrist shot by Tyler Bertuzzi.
1:01 of 3rd period - Shot Blocked by Justin Falk.
1:03 of 3rd period - Wrist shot by Oscar Sundqvist.
1:03 of 3rd period - Shot Misses the Net.
1:05 of 3rd period - Slapshot by Stefan Elliott.
1:05 of 3rd period - Shot Blocked by Justin Falk.
1:07 of 3rd period - Slapshot by Oscar Sundqvist.
1:07 of 3rd period - Shot Blocked by Cameron Schilling.
1:41 of 3rd period - Garnet Hathaway is hit by Tyler Bertuzzi and loses puck.
2:31 of 3rd period - Penalty to Lane MacDermid is over, Lane MacDermid is back on ice.
2:50 of 3rd period - Off-side.
2:51 of 3rd period - Andrej Nestrasil wins face-off versus Mark Jankowski in neutral zone.
2:58 of 3rd period - Snap shot by Colton Gillies.
2:58 of 3rd period - Stopped by Karri Ramo without a rebound.
2:59 of 3rd period - Andrej Nestrasil wins face-off versus Zack Hamill in Demolitions zone.
2:59 of 3rd period - Andrej Nestrasil is hit by Mattias Tedenby.
3:11 of 3rd period - Slapshot by Robbie Earl.
3:11 of 3rd period - Goal by Robbie Earl - Punishers : 5 - Demolitions : 3.
3:11 of 3rd period - Connor Hellebyuk enters game.
3:12 of 3rd period - Zack Hamill wins face-off versus Corban Knight in neutral zone.
3:19 of 3rd period - Backhand shot by Robbie Earl.
3:19 of 3rd period - Shot Blocked by Cameron Schilling.
3:21 of 3rd period - Snap shot by Mattias Tedenby.
3:21 of 3rd period - Shot Misses the Net.
3:25 of 3rd period - Snap shot by Zack Hamill.
3:25 of 3rd period - Deflect By Mattias Tedenby.
3:25 of 3rd period - Stopped by Connor Hellebyuk with a rebound.
3:27 of 3rd period - Backhand shot by Stefan Elliott.
3:27 of 3rd period - Stopped by Connor Hellebyuk without a rebound.
3:28 of 3rd period - Spencer Machacek wins face-off versus Oscar Sundqvist in Demolitions zone.
3:30 of 3rd period - Minor Penalty to Justin Falk for Hooking.
3:31 of 3rd period - Erik Cole wins face-off versus Zack Hamill in Demolitions zone.
3:43 of 3rd period - Snap shot by Robbie Earl.
3:43 of 3rd period - Deflect By David Laliberté.
3:43 of 3rd period - Shot Misses the Net.
3:43 of 3rd period - Puck is out of play.
3:44 of 3rd period - Erik Cole wins face-off versus Zack Hamill in Demolitions zone.
3:57 of 3rd period - Slapshot by Stefan Elliott.
3:57 of 3rd period - Stopped by Connor Hellebyuk with a rebound.
3:59 of 3rd period - Wrist shot by Zack Hamill.
3:59 of 3rd period - Stopped by Connor Hellebyuk without a rebound.
4:00 of 3rd period - Zack Hamill wins face-off versus Erik Cole in Demolitions zone.
4:25 of 3rd period - Snap shot by Mattias Tedenby.
4:25 of 3rd period - Shot Misses the Net.
5:30 of 3rd period - Penalty to Justin Falk is over, Justin Falk is back on ice.
5:35 of 3rd period - Slapshot by Justin Falk.
5:35 of 3rd period - Goal by Justin Falk - Punishers : 5 - Demolitions : 4.
5:36 of 3rd period - Corban Knight wins face-off versus Zack Hamill in neutral zone.
5:47 of 3rd period - Snap shot by Garnet Hathaway.
5:47 of 3rd period - Shot Blocked by Adam Pelech.
5:49 of 3rd period - Minor Penalty to Robbie Earl for Interference.
5:50 of 3rd period - Corban Knight wins face-off versus Oscar Sundqvist in Punishers zone.
5:59 of 3rd period - Snap shot by Corban Knight.
5:59 of 3rd period - Shot Misses the Net.
6:01 of 3rd period - Slapshot by Erik Cole.
6:01 of 3rd period - Stopped by Kristers Gudlevskis with a rebound.
6:03 of 3rd period - Slapshot by Cameron Schilling.
6:03 of 3rd period - Shot Blocked by Madison Bowey.
6:05 of 3rd period - Wrist shot by Erik Cole.
6:05 of 3rd period - Shot Misses the Net.
6:53 of 3rd period - Lane MacDermid is hit by Jordan Schmaltz and loses puck.
7:47 of 3rd period - Tyler Bertuzzi is hit by JC Lipon and loses puck.
7:49 of 3rd period - Penalty to Robbie Earl is over, Robbie Earl is back on ice.
7:58 of 3rd period - Backhand shot by Taylor Aronson.
7:58 of 3rd period - Deflect By Alex Hutchings.
7:58 of 3rd period - Shot Blocked by Madison Bowey.
7:58 of 3rd period - Puck is out of play.
7:59 of 3rd period - Andrej Nestrasil wins face-off versus Zack Hamill in Punishers zone.
8:30 of 3rd period - Snap shot by Radek Faksa.
8:30 of 3rd period - Stopped by Connor Hellebyuk without a rebound.
8:31 of 3rd period - Oscar Sundqvist wins face-off versus Nick Shore in Demolitions zone.
8:42 of 3rd period - Wrist shot by Nick Shore.
8:42 of 3rd period - Shot Misses the Net.
8:46 of 3rd period - Snap shot by Brandon McMillan.
8:46 of 3rd period - Goal by Brandon McMillan - Punishers : 5 - Demolitions : 5.
8:47 of 3rd period - Corban Knight wins face-off versus Zack Hamill in neutral zone.
9:26 of 3rd period - Snap shot by Colton Gillies.
9:26 of 3rd period - Shot Blocked by Corban Knight.
9:44 of 3rd period - Slapshot by Erik Cole.
9:44 of 3rd period - Deflect By Garnet Hathaway.
9:44 of 3rd period - Goal by Garnet Hathaway - Punishers : 5 - Demolitions : 6.
9:45 of 3rd period - Zack Hamill wins face-off versus Phil McRae in neutral zone.
9:56 of 3rd period - Off-side.
9:57 of 3rd period - Zack Hamill wins face-off versus Phil McRae in neutral zone.
10:04 of 3rd period - Wrist shot by Mattias Tedenby.
10:04 of 3rd period - Shot Misses the Net.
10:06 of 3rd period - Backhand shot by Zack Hamill.
10:06 of 3rd period - Stopped by Connor Hellebyuk with a rebound.
10:08 of 3rd period - Wrist shot by Robbie Earl.
10:08 of 3rd period - Stopped by Connor Hellebyuk without a rebound.
10:09 of 3rd period - Zack Hamill wins face-off versus Corban Knight in Demolitions zone.
10:14 of 3rd period - Wrist shot by Mattias Tedenby.
10:14 of 3rd period - Shot Misses the Net.
10:52 of 3rd period - Oscar Sundqvist is hit by Robert Bortuzzo and loses puck.
11:25 of 3rd period - Slapshot by Stefan Elliott.
11:25 of 3rd period - Stopped by Connor Hellebyuk without a rebound.
11:26 of 3rd period - Corban Knight wins face-off versus Zack Hamill in Demolitions zone.
11:35 of 3rd period - Mattias Tedenby is hit by Corban Knight and loses puck.
11:40 of 3rd period - Snap shot by Garnet Hathaway.
11:40 of 3rd period - Stopped by Kristers Gudlevskis without a rebound.
11:41 of 3rd period - Mark Jankowski wins face-off versus Andrej Nestrasil in Punishers zone.
11:51 of 3rd period - Slapshot by Justin Falk.
11:51 of 3rd period - Stopped by Kristers Gudlevskis with a rebound.
11:54 of 3rd period - Icing by Jordan Schmaltz.
11:55 of 3rd period - Corban Knight wins face-off versus Mark Jankowski in Punishers zone.
12:07 of 3rd period - Damon Severson is hit by Cameron Schilling.
12:15 of 3rd period - Snap shot by Colton Gillies.
12:15 of 3rd period - Goal by Colton Gillies - Punishers : 6 - Demolitions : 6.
12:16 of 3rd period - Robbie Earl wins face-off versus Corban Knight in neutral zone.
12:39 of 3rd period - Minor Penalty to Corban Knight for Hooking.
12:40 of 3rd period - Robbie Earl wins face-off versus Erik Cole in Demolitions zone.
13:05 of 3rd period - Oscar Sundqvist is hit by Cameron Schilling and loses puck.
14:09 of 3rd period - Robbie Earl is hit by Lane MacDermid and loses puck.
14:39 of 3rd period - Penalty to Corban Knight is over, Corban Knight is back on ice.
15:05 of 3rd period - Snap shot by Oscar Sundqvist.
15:05 of 3rd period - Stopped by Connor Hellebyuk with a rebound.
15:07 of 3rd period - Wrist shot by Oscar Sundqvist.
15:07 of 3rd period - Stopped by Connor Hellebyuk without a rebound.
15:08 of 3rd period - Andrej Nestrasil wins face-off versus Mark Jankowski in Demolitions zone.
15:17 of 3rd period - Wrist shot by Joel Vermin.
15:17 of 3rd period - Shot Misses the Net.
15:19 of 3rd period - Slapshot by Taylor Aronson.
15:19 of 3rd period - Shot Blocked by Mark Jankowski.
15:21 of 3rd period - Slapshot by Andrej Nestrasil.
15:21 of 3rd period - Shot Misses the Net.
15:23 of 3rd period - Backhand shot by Derek Forbort.
15:23 of 3rd period - Shot Misses the Net.
16:15 of 3rd period - Snap shot by Cameron Schilling.
16:15 of 3rd period - Stopped by Kristers Gudlevskis with a rebound.
16:17 of 3rd period - Wrist shot by Phil McRae.
16:17 of 3rd period - Goal by Phil McRae - Punishers : 6 - Demolitions : 7.
16:18 of 3rd period - Andrej Nestrasil wins face-off versus Mark Jankowski in neutral zone.
16:25 of 3rd period - Justin Falk is hit by Stefan Elliott and loses puck.
16:34 of 3rd period - Wrist shot by Colton Gillies.
16:34 of 3rd period - Shot Misses the Net.
16:44 of 3rd period - Robbie Earl is hit by Garnet Hathaway and loses puck.
17:32 of 3rd period - Minor Penalty to Robert Bortuzzo for Interference.
17:33 of 3rd period - Zack Hamill wins face-off versus Erik Cole in Demolitions zone.
17:49 of 3rd period - Slapshot by David Laliberté.
17:49 of 3rd period - Stopped by Connor Hellebyuk with a rebound.
17:59 of 3rd period - Oscar Sundqvist is hit by Cameron Schilling and loses puck.
19:32 of 3rd period - Penalty to Robert Bortuzzo is over, Robert Bortuzzo is back on ice.
19:42 of 3rd period - Robert Bortuzzo is hit by Jordan Schmaltz and loses puck.
Goals for this period are 2 for Punishers vs 4 for Demolitions.
Shots for this period are 15 for Punishers vs 8 for Demolitions.
Back to the Top